 Dungeon Crawl Stone Soup version 0.19-a0-1792-g28b16ba (webtiles) character file.

48 Amnesiac the Magician (level 3, -5/24 HPs)
             Began as a Mummy Wizard on Oct 4, 2016.
             Slain by an orc
             ... wielding a +0 flail
              (6 damage)
             ... on level 4 of the Dungeon.
             The game lasted 00:02:23 (1344 turns).

Amnesiac the Magician (Mummy Wizard)                Turns: 1344, Time: 00:02:24

Health: -5/24      AC:  2    Str: 10    XL:     3   Next: 50%
Magic:  4/8        EV: 12    Int: 17    God:
Gold:   34         SH:  0    Dex: 11    Spells: 4 memorised, 1 level left

rFire  x . .     SeeInvis .     e - -2 dagger (curse)
rCold  + . .     Gourm    .     a - +0 robe
rNeg   + + +     Faith    .     (no shield)
rPois  ∞         Spirit   .     b - +0 hat
rElec  .         Dismiss  .     (no cloak)
rCorr  .         Reflect  .     (no gloves)
MR     .....     Harm     .     (no boots)
Stlth  +.........               (no amulet)
                                (no ring)
                                (no ring)

@: confused
A: no food or potions, fire vulnerability, cold resistance 1, negative energy
resistance 3, torment resistance, unbreathing
a: no special abilities


You were on level 4 of the Dungeon.
You were not hungry.

You visited 1 branch of the dungeon, and saw 4 of its levels.

You collected 34 gold pieces.

Inventory:

Hand Weapons
 e - a cursed -2 dagger (weapon)
Armour
 a - a +0 robe (worn)
 b - a +0 hat (worn)
Scrolls
 d - a scroll of immolation
 f - a scroll of identify
Books
 c - a book of Minor Magic

   Spells                             Type                      Level
   a - Magic Dart                     Conjuration                  1
   b - Blink                          Translocation                2
   c - Call Imp                       Summoning                    2
   d - Repel Missiles                 Charms/Air                   2
   e - Slow                           Hexes                        2
   f - Conjure Flame                  Conjuration/Fire             3
   g - Mephitic Cloud                 Conjuration/Poison/Air       3


   Skills:
 - Level 1.5 Dodging
 - Level 1.5 Stealth
 + Level 4.3 Spellcasting
 - Level 0.7 Conjurations
 - Level 0.7 Summonings
   Level 0.7 Translocations


You had one spell level left.
You knew the following spells:

 Your Spells              Type           Power        Failure   Level  Hunger
d - Call Imp              Summ           #.......     21%         2    N/A
e - Mephitic Cloud        Conj/Pois/Air  #.......     47%         3    N/A
f - Magic Dart            Conj           #...         14%         1    N/A
s - Conjure Flame         Conj/Fire      #.......     47%         3    N/A

Dungeon Overview and Level Annotations

Branches:
Dungeon (4/15)
 Temple: D:4-7

Altars:


Innate Abilities, Weirdness & Mutations

You do not eat or drink.
Your flesh is vulnerable to fire.
You are immune to poison.
Your flesh is cold resistant. (rC+)
You are immune to negative energy. (rN+++)
You are immune to unholy pain and torment.
You can survive without breathing.


Message History

t - Shout!
Orders for allies: a - Attack new target. r - Retreat! s - Stop attacking. g - Guard the area. f - Follow me.
Anything else - Cancel.
Gang up on whom?
Press: ? - help, Dir - move target cursor
Okay, then.
What are your orders? t - Shout!
Orders for allies: a - Attack new target. r - Retreat! s - Stop attacking. g - Guard the area. f - Follow me.
Anything else - Cancel.
Follow me!
Your crimson imp disappears in a puff of smoke!
The orc hits you.
* * * LOW HITPOINT WARNING * * *
The orc hits you with a flail.
You die...

######### #.......#
#.......#
################@......#
...............ooo.....#
.......#########.......#
###.........# #.......#
..'...<...#.# #...§...#
###....##.#.# #.......#
........#.#.# #...5..5#
####.##.#(#.# ####'####
......#.#.#.# #.#


You could see 3 orcs and 2 friendly white imps.

Vanquished Creatures
  A hound skeleton (D:4)
  A howler monkey skeleton (D:4)
  A gnoll (D:4)
  3 giant cockroaches (D:3)
  A bat (D:1)
  A frilled lizard (D:4)
  A rat (D:1)
9 creatures vanquished.

Vanquished Creatures (collateral kills)
  A worker ant (D:4)
1 creature vanquished.

Grand Total: 10 creatures vanquished

Notes
Turn   | Place    | Note
-------+----------+-------------------------------------------
     0 | D:1      | Amnesiac the Mummy Wizard began the quest for the Orb.
     0 | D:1      | Reached XP level 1. HP: 13/13 MP: 4/4
   679 | D:4      | Reached XP level 2. HP: 14/19 MP: 1/6
   683 | D:4      | Learned a level 2 spell: Call Imp
   783 | D:4      | Reached skill level 4 in Spellcasting
   911 | D:4      | Reached XP level 3. HP: 2/24 MP: 1/8
   917 | D:4      | Learned a level 3 spell: Conjure Flame
   921 | D:4      | Learned a level 3 spell: Mephitic Cloud
  1344 | D:4      | HP: 1/24 [orc (5)]
  1344 | D:4      | Slain by an orc

Vault maps used:
D:1:      dpeg_arrival_water_temple_mockup, hangedman_abyss_or_decor_stabs
D:2:      minmay_pentomino_w4
D:4:      minitemple

Skill      XL: |  1  2 |
---------------+-------+-----
Spellcasting   | 4 |  4.3
Dodging        | |  1.5
Stealth        | |  1.5
Conjurations   | |  0.7
Summonings     | |  0.7
Translocations | |  0.7

Action                   || total
-------------------------++-------
Melee: Unarmed           ||     3
       Dagger            ||     9
 Cast: Magic Dart        ||    26
       Call Imp          ||     9
  Use: Scroll            ||     1
 Stab: Distracted        ||     1
Armor: Robe              ||     4
Dodge: Dodged            ||    18
